 Dungeon Crawl Stone Soup version 0.29.1-15-g9cfb28693d (webtiles) character file.

Game seed: 6331543857896410453

18 Mickster the Chopper (level 2, 0/40 HPs)
             Began as a Hill Orc Berserker on Aug 13, 2023.
             Was a Follower of Trog.
             Killed from afar by Natasha (2 damage)
             ... with a magic dart
             ... on level 2 of the Dungeon.
             The game lasted 00:06:46 (593 turns).

Mickster the Chopper (Hill Orc Berserker)            Turns: 593, Time: 00:06:49

Health: 0/40       AC:  6    Str: 25    XL:     2   Next: 66%
Magic:  2/2        EV: 11    Int:  7    God:    Trog [*.....]
Gold:   68         SH:  0    Dex: 10    Spells: 1/1 levels left

rFire   . . .      SeeInvis .   b - +4 mace
rCold   . . .      Faith    .   (no shield)
rNeg    . . .      Spirit   .   c - +0 leather armour
rPois   .          Reflect  .   (no helmet)
rElec   .          Harm     .   (no cloak)
rCorr   .          Rampage  .   (no gloves)
Will    .....                   f - +2 pair of boots
Stlth   ..........              (no amulet)
HPRegen 0.13/turn               g - +6 ring of strength
MPRegen 0.08/turn               (no ring)

@: berserking, slowed
A: no striking features
a: Renounce Religion, Berserk


You were on level 2 of the Dungeon.
You worshipped Trog.
Trog was aware of your devotion.
You visited 1 branch of the dungeon, and saw 2 of its levels.

You collected 68 gold pieces.

Inventory:

Hand Weapons
 a - a +0 hand axe
 b - a +4 mace (weapon)
Missiles
 d - 19 stones (quivered)
Armour
 c - a +0 leather armour (worn)
 f - a +2 pair of boots (worn)
Jewellery
 g - a +6 ring of strength (left hand)
Potions
 e - a potion of heal wounds {unknown}
 h - a potion of flight {unknown}


   Skills:
 + Level 4.2 Fighting
 - Level 4.5 Axes
 + Level 2.2 Armour
 + Level 1.6 Dodging


You had one spell level left.
You didn't know any spells.
Your spell library was empty.

Dungeon Overview and Level Annotations

Branches:
Dungeon (2/15)

Altars:

Annotations:
D:2 Natasha


Message History

Natasha stares at you and mumbles some strange words.
You resist with significant effort.
You hit Natasha.
Natasha is moderately wounded.
Natasha claws you. x2
You closely miss Natasha.
Natasha is moderately wounded.
The hobgoblin misses you. Natasha claws you. Natasha closely misses you.
The hobgoblin hits you but does no damage.
You hit Natasha.
Natasha is heavily wounded.
The hobgoblin barely misses you.
Natasha casts a spell.
The hobgoblin hits you but does no damage.
Natasha barely misses you.
You hit Natasha.
Natasha is severely wounded.
Natasha barely misses you. The hobgoblin barely misses you.
The white imp hits you but does no damage.
Natasha misses you. The hobgoblin barely misses you.
You miss Natasha.
Natasha is severely wounded.
The white imp hits you but does no damage.
Natasha casts a spell at you. You resist with significant effort.
The hobgoblin hits you. The white imp gestures at you.
The puff of frost hits you!
* * * LOW HITPOINT WARNING * * *
Natasha stares at you and mumbles some strange words.
You feel as though you will be slow longer.
The hobgoblin hits you.
* * * LOW HITPOINT WARNING * * *
A red film seems to cover your vision as you go berserk!
You feel yourself moving faster!
You feel mighty! The white imp barely misses you.
Natasha wildly gestures.
Natasha glows brightly for a moment.
Natasha casts a spell at you. The magic dart hits you.
You die...

..# ..### ..#.. #....
#### #### #.#.# .... ..#
#.#.# #### #.# #h#!#
####.#####@#.#
#.........5g.#
#.##.........>.....
#######.#################
........# #########


You could see Natasha, a white imp (summoned) and a hobgoblin.

Vanquished Creatures
  3 endoplasms (D:1)
  3 giant cockroaches (D:1)
  2 goblins
  2 hobgoblins (D:1)
  2 ball pythons
  A bat (D:1)
  A frilled lizard (D:1)
  A kobold (D:2)
  2 rats (D:1)
17 creatures vanquished.

Notes
Turn   | Place    | Note
-------+----------+-------------------------------------------
     0 | D:1      | Mickster the Hill Orc Berserker began the quest for the
                  | Orb.
     0 | D:1      | Reached XP level 1. HP: 19/19 MP: 1/1
   108 | D:1      | Reached XP level 2. HP: 27/27 MP: 2/2
   583 | D:2      | Noticed Natasha
   592 | D:2      | HP: 1/27 [hobgoblin (1)]
   593 | D:2      | Killed from afar by Natasha

Illustrated notes

Levels and vault maps discovered:
D:1:      dpeg_arrival_tiny_f, layout_loops_ring,
          shapermc_ecumenical_altar_pompeii, dreamdust_princess_corridor
D:2:      layout_loops_ring, uniq_natasha

Skill      XL: |  1 |
---------------+----+-----
Fighting       | 4 |  4.2
Axes           | |  4.5
Armour         | |  2.2
Dodging        | |  1.6

Action                   || total
-------------------------++-------
Melee: Hand axe          ||    38
       Mace              ||     5
Invok: Berserk           ||     2
  Use: Scroll            ||     1
Armor: Leather armour    ||    21
Dodge: Dodged            ||    29
